 Dungeon Crawl Stone Soup version 0.27.0-1-g7a089689b8 (webtiles) character file.

Game seed: 12511148386909702205

1859 ZombieSheep the Insei (level 8, -6/61 HPs)
             Began as a Green Draconian Transmuter on Aug 3, 2021.
             Was a Follower of Hepliaklqana.
             Killed by divine providence
             ... invoked by an orc priest
              (16 damage)
             ... on level 6 of the Dungeon.
             The game lasted 00:16:42 (8088 turns).

ZombieSheep the Insei (Green Draconian Transmuter)  Turns: 8088, Time: 00:16:42

Health: -6/61      AC:  2    Str: 10 (12) XL:     8   Next: 89%
Magic:  14/14      EV: 21    Int: 14 (15) God:    Hepliaklqana [*.....]
Gold:   235        SH:  0    Dex: 15 (18) Spells: 8/16 levels left

rFire    . . .     SeeInvis .     - Unarmed
rCold    . . .     Faith    .   (shield currently unavailable)
rNeg     . . .     Spirit   .   (armour unavailable)
rPois    x         Reflect  .   (helmet currently unavailable)
rElec    .         Harm     .   (cloak currently unavailable)
rCorr    .         Rampage  .   (gloves currently unavailable)
Will     .....                  (boots currently unavailable)
Stlth    +.........             (no amulet)
HPRegen  0.20/turn              c - ring of flight
MPRegen  0.14/turn              (no ring)

@: brilliant, spider-form (expiring), flying, hasted, very quick
A: venomous fangs, reduced essence, (breathe noxious fumes), AC +6, tiny,
unfitting armour, (poison resistance), (cold-blooded)
a: End Transformation, Renounce Religion, Recall Ancestor, Ancestor Identity


You were on level 6 of the Dungeon.
You worshipped Hepliaklqana.
Hepliaklqana was aware of your devotion.
You were a venomous arachnid creature.
You visited 2 branches of the dungeon, and saw 7 of its levels.

You collected 235 gold pieces.

Inventory:

Armour
 b - a +1 pair of gloves (melded)
Jewellery
 c - a ring of flight (left front leg)
Wands
 f - a wand of iceblast (9)
 j - a wand of mindburst (15)
Scrolls
 k - a scroll of fog
Potions
 d - a potion of brilliance
 i - 2 potions of might {unknown}
 l - a potion of berserk rage {unknown}


   Skills:
 + Level 5.2 Fighting
 + Level 4.6 Dodging
 + Level 5.5 Unarmed Combat
 + Level 4.5 Spellcasting
 + Level 5.1 Transmutations
 + Level 3.8 Ice Magic
 - Level 2.2 Poison Magic


You had 8 spell levels left.
You knew the following spells:

 Your Spells              Type           Power      Damage    Failure   Level
a - Beastly Appendage     Tmut           52%        N/A       9%          1
b - Spider Form           Tmut/Pois      10%        N/A       28%         3
c - Ice Form              Ice/Tmut       23%        N/A       50%         4

Your spell library contained the following spells:

 Spells                   Type           Power      Damage    Failure   Level
 Wereblood                Tmut           26%        N/A       11%         2
 Ensorcelled Hibernation  Hex/Ice        24%        N/A       30%         2
 Corona                   Hex            4%         N/A       38%         1
 Slow                     Hex            4%         N/A       50%         2
 Confusing Touch          Hex            4%         N/A       71%         3
 Tukima's Dance           Hex            4%         N/A       71%         3
 Vampiric Draining        Necr           2%         2d6       71%         3


Dungeon Overview and Level Annotations

Branches:
Dungeon (6/15)             Temple (1/1) D:4

Altars:
Dithmenos
Elyvilon
Fedhas
Hepliaklqana
Kikubaaqudgha
Ru
Trog
Uskayaw
Wu Jian
The Shining One

Annotations:
D:3 1 runed translucent door, Spaninq's ghost, amateur MiWr


Innate Abilities, Weirdness & Mutations

You are a venomous arachnid creature.
You have poisonous fangs.
You are tiny and dextrous.
Your spellcasting is less reliable in this form.
Your armour is entirely melded.
You are incapable of wielding weapons or throwing items.
Your life essence is reduced to manifest your ancestor. (-10% HP)
((You can breathe blasts of noxious fumes.))
((Your lurid green scales are hard. (AC +6)))
You cannot fit into any form of body armour.
((Your system is resistant to poisons. (rPois)))
((You are cold-blooded and may be slowed by cold attacks.))


Message History

Beogh smites you!
Tiberia barely misses the orc priest.
The orc wizard points at you and mumbles some strange words.
The puff of flame hits you!
* * * LOW HITPOINT WARNING * * *
The orc priest calls upon Beogh to heal the orc priest.
The orc priest's wounds heal themselves!
Tiberia closely misses the orc priest.
The orc priest closely misses you.
Tiberia hits the orc priest but does no damage.
You hit the orc priest but do no damage.
The orc priest is lightly wounded.
You feel less confused. The orc priest completely misses you.
Tiberia hits the orc priest.
You hit the orc priest but do no damage.
The orc priest looks even sicker.
The orc priest is moderately wounded.
The orc priest hits you with a +0 mace of protection!
* * * LOW HITPOINT WARNING * * *
Your transformation is almost over.
Tiberia barely misses the orc priest.
The orc priest completely misses you. The orc wizard casts a spell at you.
The magic dart hits Tiberia.
As you read the scroll of fear, it crumbles to dust.
You assume a fearsome visage.
The plant is unaffected.
The orc wizard looks frightened!
The orc looks frightened!
The orc priest looks frightened!
The orc wizard mumbles some strange words.
The orc wizard flickers and vanishes!
Deactivating autopickup; reactivate with Ctrl-A.
Tiberia hits something.
It was a potion of brilliance.
You feel clever all of a sudden.
It was a potion of degeneration.
There was something very wrong with that liquid.
You feel weakened.
You feel dopey.
You feel clumsy.
It was a potion of haste.
You feel yourself speed up.
Tiberia hits the orc priest but does no damage.
The orc priest calls down the wrath of Beogh upon you.
Beogh smites you!
You die...

..............###### ##.## ####
.........))....# #.#
..####..##.....# ##.## ##
##.########### #...#+#### ..
#.#.o####...# #.♣.#....#
#.#.#.#.#.......# #...#....#
#...........P...#..##.##....#
.....≈≈≈≈≈........#...........#
....≈≈≈≈≈≈≈...s...#.....###).##
...≈≈≈≈≈≈≈≈≈..o#.##............
..≈≈≈≈≈≈≈≈≈≈)R..#.#............
..≈≈≈≈...≈≈≈≈.#...##########.##
#.≈≈≈≈._.{≈≈≈....###.....###.##
..≈≈≈≈...≈≈≈≈.#...##.....'.....
≈≈≈≈.≈≈≈≈≈..##.##.....####.#
≈≈≈.≈≈≈≈.... .##.....# #.#
≈≈≈.≈≈≈...#.. ##.....# #..


You could see the friendly Tiberia the ancestor and 2 orc priests.

Vanquished Creatures
  A steam dragon (D:6)
  A black bear (D:5)
  An ogre (D:5)
  A centaur (D:5)
  A bullfrog (D:6)
  2 scorpions (D:6)
  A gnoll sergeant (D:6)
  A water moccasin skeleton (D:5)
  A wight (D:5)
  A centaur zombie (D:5)
  A bullfrog zombie (D:5)
  A human zombie (D:5)
  2 gnoll shamans
  3 jellies
  2 bullfrog skeletons (D:6)
  2 hounds
  2 orc priests
  An iguana (D:5)
  3 orc wizards
  A hound zombie (D:5)
  A mummy (D:5)
  A hound skeleton (D:4)
  A howler monkey zombie (D:5)
  Robin (D:3)
  8 gnolls
  6 adders
  2 ufetubi
  3 worms
  11 orcs
  7 ball pythons
  5 bats
  4 endoplasms
  2 giant cockroaches
  15 goblins
  7 hobgoblins
  9 jackals
  4 kobolds
  3 quokkas
  3 rats
122 creatures vanquished.

Vanquished Creatures (collateral kills)
  An ice beast (D:6)
  A wyvern zombie (D:5)
  A water moccasin zombie (D:5)
  A centaur zombie (D:5)
  A bullfrog skeleton (D:6)
  An orc wizard (D:6)
  A hound zombie (D:5)
  A mummy (D:5)
  An adder (D:5)
  A white imp (D:6)
10 creatures vanquished.

Vanquished Creatures (others)
  3 ancestors
  A hobgoblin (D:3)
  43 fungi (D:6)
  99 plants
  13 toadstools (D:6)
159 creatures vanquished.

Grand Total: 291 creatures vanquished

Notes
Turn   | Place    | Note
-------+----------+-------------------------------------------
     0 | D:1      | ZombieSheep the Draconian Transmuter began the quest for
                  | the Orb.
     0 | D:1      | Reached XP level 1. HP: 16/16 MP: 3/3
   456 | D:1      | Reached XP level 2. HP: 19/23 MP: 5/5
  1419 | D:2      | Reached XP level 3. HP: 8/29 MP: 6/6
  1423 | D:2      | Learned a level 3 spell: Spider Form
  2646 | D:3      | Found a faded altar of an unknown god.
  2653 | D:3      | Found a runed translucent door.
  2658 | D:3      | Noticed Spaninq's ghost (amateur MiWr)
  2709 | D:2      | Reached XP level 4. HP: 20/36 MP: 2/7
  2846 | D:3      | Noticed Robin
  3010 | D:3      | Killed Robin
  3421 | D:3      | Found an ornate altar of the Wu Jian Council.
  3569 | D:4      | Reached skill level 1 in Poison Magic
  3569 | D:4      | Reached XP level 5. HP: 40/42 MP: 5/8
  3900 | D:4      | Found a bloodstained altar of Trog.
  3917 | D:4      | Reached XP level 6. HP: 29/50 MP: 10/10
  4053 | D:4      | Learned a level 4 spell: Ice Form
  4558 | D:4      | Found a staircase to the Ecumenical Temple.
  4567 | Temple   | Entered the Ecumenical Temple
  4637 | Temple   | Became a worshipper of Hepliaklqana the Forgotten
  4884 | D:5      | Entered Level 5 of the Dungeon
  4914 | D:5      | Reached skill level 1 in Ice Magic
  5167 | D:5      | Your scales start taking on a lurid green colour.
  5167 | D:5      | Reached XP level 7. HP: 57/57 MP: 7/12
  5167 | D:5      | Gained mutation: Your system is resistant to poisons.
                  | (rPois) [Green Draconian growth]
  5345 | D:5      | Reached * piety under Hepliaklqana
  5388 | D:5      | Found a hide-covered altar of Uskayaw.
  6108 | D:5      | Reached XP level 8. HP: 59/59 MP: 13/13
  6109 | D:5      | Found an ancient bone altar of Kikubaaqudgha.
  6627 | D:6      | Reached skill level 5 in Unarmed Combat
  6645 | D:6      | HP: 3/60 [poisoned by a gnoll sergeant]
  7213 | D:6      | Found a white marble altar of Elyvilon.
  7389 | D:6      | Reached skill level 5 in Fighting
  7416 | D:6      | Reached skill level 5 in Transmutations
  8062 | D:6      | Found a blossoming altar of Fedhas.
  8088 | D:6      | Killed from afar by an orc priest

Illustrated notes

Levels and vault maps discovered:
D:1:      scummos_arrival_forest, layout_basic, glass_columns_a
D:2:      layout_basic
D:3:      layout_rooms, mainiacjoe_overflow_chevrons,
          dreamdust_ecumenical_altar_statues, ebering_ghost_sewer_d, uniq_robin
D:4:      layout_basic, nicolae_overflow_crystal_walls,
          minmay_temple_entry_overgrown
D:5:      layout_rooms, eat_drink_and_be_merry_uskayaw,
          lemuel_mausoleum_altar_kikubaaqudgha
D:6:      layout_basic, tgw_fedhas, elyvilon_altar_1, chei_slow_surprise,
          serial_bayou, serial_bayou_pond_c, minmay_ruined_shrine
Temple:   minmay_temple_curvy_loop

Skill      XL: |  1  2  3  4  5  6  7  8 |
---------------+-------------------------+-----
Dodging        | 2 3 4 |  4.6
Fighting       | 2 3 4 5 |  5.2
Poison Magic   | 1 2 |  2.2
Transmutations | 3 4 5 |  5.1
Spellcasting   | 3 4 |  4.5
Unarmed Combat | 4 5 |  5.5
Ice Magic      | 1 2 3 |  3.8

Action                   |  1- 3 |  4- 6 |  7- 9 || total
-------------------------+-------+-------+-------++-------
Melee: Unarmed           |   133 |   200 |   221 ||   554
       Tailslap          |    13 |     9 |    18 ||    40
       Headbutt          |     8 |    11 |       ||    19
       Kick              |     9 |    22 |       ||    31
       Punch             |     1 |     3 |     4 ||     8
 Cast: Beastly Appendage |     8 |    12 |       ||    20
       Spider Form       |       |     7 |    12 ||    19
       Ice Form          |       |       |     1 ||     1
Invok: Ancestor Identity |       |       |     1 ||     1
 Abil: Breathe Noxious F |       |       |     2 ||     2
  Use: Scroll            |     3 |     3 |     3 ||     9
       Potion            |       |       |     5 ||     5
 Stab: Sleeping          |     2 |     1 |     2 ||     5
       Distracted        |       |     1 |     1 ||     2
Armor: Skin              |    44 |    46 |    63 ||   153
Dodge: Dodged            |    78 |   183 |   181 ||   442
